 Dungeon Sprint DCSS version 0.27-a0-277-g024f7ef292 (webtiles) character file.

Game seed: 17849253499480113453

6732 mhtbhm the Severer (level 10, -4/104 HPs)
             Began as a Minotaur Fighter on Feb 7, 2021.
             Was the Champion of Trog.
             Killed from afar by a Hell Sentinel (21 damage)
             ... with damnation
             ... in the Dungeon (Sprint VII: "The Pits").
             The game lasted 00:02:20 (1300 turns).

mhtbhm the Severer (Minotaur Fighter)               Turns: 1300, Time: 00:02:22

Health: -4/104     AC: 17    Str: 29    XL:     10   Next: 75%
Magic:  9/9        EV: 11    Int:  8    God:    Trog [******]
Gold:   0          SH: 14    Dex: 13    Spells: 9/9 levels left

rFire    . . .     SeeInvis .   a - +6 broad axe "Qohozy" {flame, *Slow Str+2 Dex+3}
rCold    . . .     Faith    .   c - +0 kite shield
rNeg     . . .     Spirit   .   b - +4 chain mail
rPois    .         Reflect  .   (helmet restricted)
rElec    .         Harm     .   (no cloak)
rCorr    .         Rampage  .   (no gloves)
Will     .....     NoTele   +   p - +0 pair of boots
Stlth    ..........             (no amulet)
HPRegen  0.27/turn              n - +3 ring of strength
MPRegen  0.11/turn              o - +3 ring of intelligence

@: berserk cooldown, slowed, very slow
A: retaliatory headbutt, horns 2
a: Renounce Religion, Berserk, Trog's Hand, Brothers in Arms


You were in the Dungeon.
You worshipped Trog.
Trog was exalted by your worship.
You visited 1 branch

Inventory:

Hand Weapons
 a - the +6 broad axe "Qohozy" (weapon) {flame, *Slow Str+2 Dex+3}
   (Trog gifted it to you in the Dungeon)

   It has been specially enchanted to burn those struck by it, causing extra
   injury to most foes and up to half again as much damage against particularly
   susceptible opponents.
   Big, fiery blades are also staple armaments of hydra-hunters.
   It affects your strength (+2).
   It affects your dexterity (+3).
   It may slow you when you take damage.
Armour
 b - a +4 chain mail (worn)
 c - a +0 kite shield (worn)
 p - a +0 pair of boots (worn)
Jewellery
 n - a +3 ring of strength (left hand)
 o - a +3 ring of intelligence (right hand)
Scrolls
 j - a scroll of blinking
 l - 3 scrolls of remove curse
 m - a scroll of summoning
Potions
 d - 2 potions of might
 e - 6 potions of curing
 f - 16 potions of heal wounds
 g - 2 potions of haste
 h - 4 potions of magic
 i - 3 potions of berserk rage
 k - 2 potions of invisibility
 q - a potion of flight {unknown}


   Skills:
 + Level 14.3 Fighting
 + Level 20.0 Axes
 + Level 10.3 Armour
 + Level 5.5 Dodging
 + Level 1.8 Stealth
 + Level 12.4 Shields


You had 9 spell levels left.
You didn't know any spells.
Your spell library was empty.

Dungeon Overview and Level Annotations

Branches:
Dungeon (1/1)

Altars:
Cheibriados
Dithmenos
Elyvilon
Fedhas
Gozag
Hepliaklqana
Makhleb
Nemelex Xobeh
Okawaru
Qazlal
Ru
Sif Muna
Trog
Vehumet
Wu Jian
Xom
Yredelemnul
Zin
The Shining One
Beogh
Jiyva
Lugonu


Innate Abilities, Weirdness & Mutations

You reflexively headbutt those who attack you in melee.
You have a pair of horns on your head.


Message History

Unknown command.
You slice the Hell Sentinel!!
The Hell Sentinel is almost dead.
The Hell Sentinel hits you!!
* * * LOW HITPOINT WARNING * * *
The Hell Sentinel completely misses you.
You hit the Hell Sentinel but do no damage.
You headbutt the Hell Sentinel, but do no damage.
The Hell Sentinel is almost dead.
You hit the Hell Sentinel.
The Hell Sentinel is almost dead.
The Hell Sentinel hits you but does no damage. x2
You hit the Hell Sentinel but do no damage.
The Hell Sentinel is almost dead.
You are no longer berserk.
You are exhausted.
You feel yourself slow down. The Hell Sentinel gestures at you.
The sphere of damnation explodes!
The damnation engulfs you!!
You die...

#+# #.# #1#
################@#
.................#
.................#
+##############..#
#..# #..# #..#
#..# #..#


You could see a Hell Sentinel.

Vanquished Creatures
  A nagaraja (D)
  A catoblepas (D)
  A sea snake (D)
  An unseen horror (shapeshifter) (D)
  A flayed ghost (D)
  A lindwurm (D)
  A deep elf zephyrmancer (D)
  A cyclops (D)
  An elephant (D)
  A smoke demon (D)
  A polar bear (D)
  A flying skull (D)
  A redback (D)
  A shadow (D)
  Edmund (D)
  A phantom (D)
  An earth elemental (D)
  A scorpion (D)
  3 wights (D)
  A hound (D)
  A gnoll shaman (D)
  An orc priest (D)
  2 worker ants (D)
  6 gnolls (D)
  An ooze (D)
  An adder skeleton (D)
  5 orcs (D)
  2 quokkas (D)
  A ball python (D)
  A ball python zombie (D)
  A bat (D)
44 creatures vanquished.

Notes
Turn   | Place    | Note
-------+----------+-------------------------------------------
     0 | D        | mhtbhm the Minotaur Fighter began the quest for the Orb.
     0 | D        | Reached XP level 1. HP: 19/19 MP: 0/0
    23 | D        | Found a bloodstained altar of Trog.
    23 | D        | Found a shimmering blue altar of Sif Muna.
    23 | D        | Found a viscous altar of Jiyva.
    23 | D        | Found a hazy altar of Hepliaklqana.
    23 | D        | Found an opulent altar of Gozag.
    24 | D        | Found a glowing golden altar of the Shining One.
    24 | D        | Found a glowing silver altar of Zin.
    24 | D        | Found a basalt altar of Yredelemnul.
    24 | D        | Found a shimmering altar of Xom.
    24 | D        | Found an ornate altar of the Wu Jian Council.
    24 | D        | Found a sacrificial altar of Ru.
    24 | D        | Found a stormy altar of Qazlal.
    24 | D        | Found an iron altar of Okawaru.
    24 | D        | Found a sparkling altar of Nemelex Xobeh.
    24 | D        | Found a burning altar of Makhleb.
    24 | D        | Found a blossoming altar of Fedhas.
    24 | D        | Found a white marble altar of Elyvilon.
    24 | D        | Found a shadowy altar of Dithmenos.
    24 | D        | Found a snail-covered altar of Cheibriados.
    26 | D        | Found a radiant altar of Vehumet.
    26 | D        | Found a corrupted altar of Lugonu.
    26 | D        | Found a roughly hewn altar of Beogh.
    28 | D        | Became a worshipper of Trog the Wrathful
    95 | D        | Noticed a worker ant
    98 | D        | Reached * piety under Trog
    99 | D        | Reached skill level 3 in Axes
    99 | D        | Reached XP level 2. HP: 16/28 MP: 1/1
   103 | D        | Reached skill level 5 in Fighting
   103 | D        | Reached skill level 4 in Axes
   103 | D        | Reached skill level 5 in Armour
   103 | D        | Reached skill level 5 in Shields
   103 | D        | Reached XP level 3. HP: 31/37 MP: 2/2
   228 | D        | Reached ** piety under Trog
   236 | D        | Reached skill level 1 in Dodging
   236 | D        | Reached XP level 4. HP: 44/44 MP: 3/3
   236 | D        | Reached *** piety under Trog
   237 | D        | Reached skill level 5 in Axes
   305 | D        | Noticed Edmund
   305 | D        | Noticed a phantom
   310 | D        | Reached skill level 6 in Axes
   310 | D        | Reached XP level 5. HP: 52/52 MP: 4/4
   312 | D        | Reached **** piety under Trog
   313 | D        | Reached skill level 7 in Axes
   313 | D        | Reached ***** piety under Trog
   314 | D        | Reached skill level 8 in Axes
   314 | D        | Killed Edmund
   315 | D        | Reached skill level 9 in Axes
   315 | D        | Reached XP level 6. HP: 62/62 MP: 5/5
   316 | D        | Reached skill level 10 in Axes
   318 | D        | Received a gift from Trog
   322 | D        | Got a transparent broad axe {god gift}
   323 | D        | Identified the +6 broad axe "Qohozy" {flame, *Slow Str+2
                  | Dex+3} (Trog gifted it to you in the Dungeon)
   363 | D        | Noticed a redback
   367 | D        | Killed a redback
   368 | D        | Reached skill level 11 in Axes
   368 | D        | Reached XP level 7. HP: 58/71 MP: 6/6
   376 | D        | Reached skill level 12 in Axes
   378 | D        | Reached skill level 10 in Fighting
   378 | D        | Reached skill level 1 in Stealth
   439 | D        | Noticed an elephant
   439 | D        | Noticed a flayed ghost
   445 | D        | Killed an elephant
   446 | D        | Reached skill level 13 in Axes
   446 | D        | Reached skill level 10 in Shields
   446 | D        | Reached XP level 8. HP: 72/81 MP: 7/7
   451 | D        | Killed a flayed ghost
   452 | D        | Reached skill level 14 in Axes
   574 | D        | Noticed a sea snake
   574 | D        | Noticed a deep elf zephyrmancer
   578 | D        | Killed a deep elf zephyrmancer
   578 | D        | Reached ****** piety under Trog
   579 | D        | Reached skill level 15 in Axes
   579 | D        | Reached XP level 9. HP: 90/90 MP: 8/8
   587 | D        | Killed a sea snake
   588 | D        | Reached skill level 16 in Axes
   629 | D        | Noticed a cyclops
   629 | D        | Noticed a lindwurm
   634 | D        | Killed a lindwurm
   635 | D        | Reached skill level 17 in Axes
   638 | D        | Received a gift from Trog
   641 | D        | Killed a cyclops
   739 | D        | Noticed a polar bear
   740 | D        | Noticed a catoblepas
   743 | D        | Killed a polar bear
   747 | D        | Killed a catoblepas
   748 | D        | Reached skill level 18 in Axes
   748 | D        | Reached XP level 10. HP: 101/101 MP: 9/9
   801 | D        | Noticed a nagaraja
   803 | D        | Noticed a smoke demon
   818 | D        | Killed a nagaraja
   818 | D        | Received a gift from Trog
   819 | D        | Reached skill level 19 in Axes
   819 | D        | Reached skill level 5 in Dodging
   821 | D        | Killed a smoke demon
  1151 | D        | Reached skill level 10 in Armour
  1163 | D        | Killed an unseen horror
  1164 | D        | Reached skill level 20 in Axes
  1286 | D        | Noticed a Hell Sentinel
  1300 | D        | Killed from afar by a Hell Sentinel

Illustrated notes

Levels and vault maps discovered:
D:        pitsprint [storerooms_1, entrance_room_1, metal_vault_1, armoury_2,
          mini_pit_1, grid_room_1, main_hall_1, silver_pit, the_coven_1,
          the_vestibule_1, steel_vault_2, golden_pit, hallway_of_sentries,
          crystal_vault_1, iron_vault_1, final_vault]

Skill      XL: |  1  2  3  4  5  6  7  8  9 10 |
---------------+-------------------------------+-----
Fighting       | 4 5 6 7 8 9 10 11 13 14 | 14.3
Armour         | 4 5 6 7 8 9 10 | 10.3
Shields        | 4 5 6 7 8 9 10 11 12 | 12.4
Axes           | 3 4 6 9 11 13 15 18 20 | 20.0
Dodging        | 1 2 3 4 5 |  5.5
Stealth        | 1 |  1.8

Action                   |  1- 3 |  4- 6 |  7- 9 | 10-12 || total
-------------------------+-------+-------+-------+-------++-------
Melee: Hand axe          |    18 |    12 |       |       ||    30
       War axe           |     6 |       |       |       ||     6
       Headbutt          |     3 |     2 |    13 |    10 ||    28
       Broad axe         |       |     5 |    38 |    30 ||    73
Invok: Berserk           |     2 |     1 |     4 |     3 ||    10
Armor: Scale mail        |    10 |     4 |     2 |       ||    16
       Chain mail        |       |       |     6 |    21 ||    27
Dodge: Dodged            |    10 |     4 |     6 |     6 ||    26
Block: Kite shield       |    26 |    14 |     9 |     7 ||    56

Table legend: (Time is in decaauts)
 A = Elapsed time spent in this place.
 B = Non-inter-level travel time spent in this place.
 C = Inter-level travel time spent in this place.
 D = Time resting spent in this place.
 E = Time spent auto-exploring this place.
 F = Levels seen in this place.
 G = Mean time per level.
                   A        B        C        D        E       F      G
               +--------+--------+--------+--------+--------+-----+--------+
         Total |   1379 |   1379 |      0 |    865 |     56 |   1 | 1379.0 |
       Dungeon |   1379 |   1379 |      0 |    865 |     56 |   1 | 1379.0 |
               +--------+--------+--------+--------+--------+-----+--------+

Top non-repeatable levels by time:
       D: 1379 daAuts
